 Dungeon Crawl Stone Soup version 0.29-a0-330-g52719c12eb (webtiles) character file.

Game seed: 10930319744091270376

1318 jmlagarto the Covert (level 8, 0/67 HPs)
             Began as a Gnoll Delver on Apr 15, 2022.
             Was a Priest of Nemelex Xobeh.
             Slain by a lemure (6 damage)
             ... led by Pikel
             ... on level 6 of the Dungeon.
             The game lasted 00:15:34 (5815 turns).

jmlagarto the Covert (Gnoll Delver)                 Turns: 5815, Time: 00:15:36

Health: 0/67       AC: 13    Str: 11    XL:     8   Next: 59%
Magic:  13/13      EV: 10    Int: 10    God:    Nemelex Xobeh [***...]
Gold:   231        SH: 10    Dex: 16    Spells: 12/13 levels left

rFire   . . .      SeeInvis .   E - +8 hand axe of the Briny Deep {pain, rN+}
rCold   + + .      Faith    .   n - +0 buckler "Lesaor" {rPois rCorr}
rNeg    + . .      Spirit   .   k - +1 scale mail {rC+}
rPois   +          Reflect  +   (no helmet)
rElec   .          Harm     .   M - +0 cloak
rCorr   +          Rampage  .   (no gloves)
Will    .....                   (no boots)
Stlth   +++.......              D - amulet of reflection
HPRegen 0.21/turn               l - +4 ring of protection
MPRegen 0.13/turn               h - ring of protection from cold

@: hasted, very quick
A: fangs 1, strong nose, distributed training
a: Renounce Religion, Draw Escape, Draw Destruction, Draw Summoning, Triple Draw


You were on level 6 of the Dungeon.
You worshipped Nemelex Xobeh.
Nemelex Xobeh was most pleased with you.
You visited 1 branch of the dungeon, and saw 6 of its levels.

You collected 231 gold pieces.

Inventory:

Hand Weapons
 a - a +0 short sword
 m - a +1 dagger of flaming
 B - a +3 whip
 E - the +8 hand axe of the Briny Deep (weapon) {pain, rN+}
   (You found it on level 4 of the Dungeon)

   In the hands of one skilled in necromantic magic, it inflicts extra damage on
   living creatures.
   rN:        It protects you from negative energy.
 K - a +2 vampiric spear
Missiles
 i - 7 boomerangs (quivered)
Armour
 k - a +1 scale mail of cold resistance (worn)
 n - the +0 buckler "Lesaor" (worn) {rPois rCorr}
   (You found it on level 2 of the Dungeon)

   rPois:     It protects you from poison.
   rCorr:     It protects you from acid and corrosion.
 C - the +0 robe of the Vaults {Str+3}
   (You found it on level 3 of the Dungeon)

   Str:       It affects your strength (+3).
 M - a +0 cloak (worn)
Magical Staves
 s - a staff of earth
 v - a staff of poison
 G - a staff of conjuration
Jewellery
 h - a ring of protection from cold (right hand)
 j - a ring of flight
 l - a +4 ring of protection (left hand)
 t - a ring of wizardry
 D - an amulet of reflection (around neck)
 O - a ring of fire
Wands
 g - a wand of digging (3)
 z - a wand of flame (43)
Scrolls
 c - 2 scrolls of fog
 d - 2 scrolls of magic mapping
 o - a scroll of blinking {unknown}
 p - 8 scrolls of identify {unknown}
 q - 2 scrolls of enchant weapon {unknown}
 u - a scroll of enchant armour {unknown}
 w - 4 scrolls of fear
 y - 3 scrolls of teleportation {unknown}
 H - a scroll of immolation {unknown}
 J - a scroll of noise {unknown}
 L - a scroll of silence {unknown}
Potions
 e - a potion of degeneration
 f - 2 potions of haste
 r - a potion of heal wounds {unknown}
 x - 2 potions of resistance {unknown}
 A - 3 potions of brilliance {unknown}
 F - 2 potions of flight {unknown}
 I - a potion of magic {unknown}
 N - a potion of curing


   Skills:
 + Level 7.4 Fighting
 + Level 5.8 Short Blades
 + Level 3.4 Long Blades
 + Level 3.4 Axes
 + Level 3.4 Maces & Flails
 + Level 3.4 Polearms
 + Level 3.4 Staves
 + Level 3.4 Slings
 + Level 3.4 Bows
 + Level 3.4 Crossbows
 + Level 3.4 Throwing
 + Level 3.4 Armour
 + Level 5.8 Dodging
 + Level 10.2 Stealth
 + Level 3.4 Shields
 + Level 3.4 Unarmed Combat
 + Level 3.4 Spellcasting
 + Level 2.8 Conjurations
 + Level 2.8 Hexes
 + Level 2.8 Summonings
 + Level 2.8 Necromancy
 + Level 2.8 Translocations
 + Level 2.8 Transmutations
 + Level 2.8 Fire Magic
 + Level 2.8 Ice Magic
 + Level 2.8 Air Magic
 + Level 2.8 Earth Magic
 + Level 2.8 Poison Magic
 + Level 3.7 Invocations
 + Level 3.4 Evocations


You had 12 spell levels left.
You knew the following spells:

 Your Spells              Type           Power      Damage    Failure   Level
a - Animate Skeleton      Necr           14%        N/A       54%         1

Your spell library contained the following spells:

 Spells                   Type           Power      Damage    Failure   Level
 Pain                     Necr           28%        1d5       54%         1
 Gell's Gravitas          Tloc           7%         N/A       88%         3
 Lesser Beckoning         Tloc           7%         N/A       88%         3
 Teleport Other           Tloc           7%         N/A       88%         3
 Vampiric Draining        Necr           7%         2d6       88%         3


Dungeon Overview and Level Annotations

Branches:
Dungeon (6/15)             Temple (0/1) D:4

Altars:
Nemelex Xobeh

Shops:
D:6 (

Annotations:
D:6 Pikel


Innate Abilities, Weirdness & Mutations

You have very sharp teeth.
Your uncanny sense of smell can sniff out nearby items.
Your experience applies equally to all skills.


Message History

You block the lemure's attack.
You barely miss Pikel.
Pikel is lightly wounded.
You barely miss the lemure. You closely miss the lemure. You hit the lemure.
Pikel hits you with a +2 whip of electrocution!
You are electrocuted!
You block the lemure's attack. The lemure hits you but does no damage.
You slash Pikel!
Pikel is moderately wounded.
You slash the lemure! You miss the lemure. You barely miss the lemure.
You hit the lemure but do no damage.
Pikel hits you with a +2 whip of electrocution.
You are electrocuted!
You block the lemure's attack. The lemure hits you but does no damage.
The lemure hits you. The lemure hits you but does no damage.
Okay, then.
The lemure attacks as you move away! The lemure hits you but does no damage.
Pikel attacks as you move away!
Pikel hits you with a +2 whip of electrocution.
* * * LOW HITPOINT WARNING * * *
The lemure attacks as you move away! The lemure hits you but does no damage.
The lemure closely misses you.
You hit Pikel.
Pikel writhes in agony.
You bite Pikel.
Pikel is moderately wounded.
You hit the lemure. x2; You hit the lemure but do no damage.
Pikel hits you with a +2 whip of electrocution.
* * * LOW HITPOINT WARNING * * *
The lemure closely misses you. The lemure barely misses you.
The lemure hits you but does no damage. x2
Pikel hits you with a +2 whip of electrocution.
* * * LOW HITPOINT WARNING * * *
You block the lemure's attack. x2
You feel yourself speed up.
Pikel hits you with a +2 whip of electrocution.
* * * LOW HITPOINT WARNING * * *
The lemure hits you.
* * * LOW HITPOINT WARNING * * *
The lemure hits you but does no damage. The lemure hits you.
You die...
Your body glows slightly and disappears.

...#.....(# ...#......# ∆
####......######## .#
.....####........######.#
.)...#.................$#
.)...#.................##
.....#..................#
.....#...........5......#
.....#..........@5......#
)....#.........55K......#
.....#..(..............##
)....#######.....##....#
'###.....###.....##....#
...#.....#.)......# ...+
<..#.....#........# ...#
...#.....#........# ..#
[.>#.....#........# ..#


You could see Pikel and 4 lemures.

Vanquished Creatures
  Prince Ribbit (D:5)
  A water moccasin (D:3)
  An orc warrior (D:6)
  An ogre (D:6)
  2 necrophages
  A scorpion (D:6)
  4 hounds
  5 orc priests
  Jessica (D:3)
  Ijyb (D:4)
  2 iguanas (D:2)
  2 orc wizards
  7 gnolls
  9 adders
  A white imp (D:6)
  An ufetubus (D:5)
  A worm (D:3)
  3 dart slugs
  11 orcs
  4 endoplasms
  4 giant cockroaches
  4 goblins
  10 hobgoblins
  4 jackals (D:5)
  2 quokkas
  4 ball pythons
  2 bats
  3 frilled lizards (D:2)
  A kobold (D:1)
  2 rats
95 creatures vanquished.

Vanquished Creatures (collateral kills)
  A kobold (D:3)
1 creature vanquished.

Grand Total: 96 creatures vanquished

Notes
Turn   | Place    | Note
-------+----------+-------------------------------------------
     0 | D:5      | Reached skill level 9 in Stealth
     0 | D:5      | jmlagarto the Gnoll Delver began the quest for the Orb.
     0 | D:5      | Reached XP level 1. HP: 23/23 MP: 1/1
    21 | D:5      | Noticed Ijyb
    60 | D:5      | Noticed a hound
    66 | D:4      | Noticed an orc wizard
   470 | D:2      | Noticed an iguana
   473 | D:2      | Reached XP level 2. HP: 29/29 MP: 2/2
   475 | D:2      | Identified the +0 buckler "Lesaor" {rPois rCorr}
   572 | D:2      | Reached XP level 3. HP: 35/35 MP: 2/4
   597 | D:2      | Reached skill level 1 in Long Blades
   597 | D:2      | Reached skill level 1 in Axes
   597 | D:2      | Reached skill level 1 in Maces & Flails
   597 | D:2      | Reached skill level 1 in Polearms
   597 | D:2      | Reached skill level 1 in Staves
   597 | D:2      | Reached skill level 1 in Slings
   597 | D:2      | Reached skill level 1 in Bows
   597 | D:2      | Reached skill level 1 in Crossbows
   597 | D:2      | Reached skill level 1 in Throwing
   597 | D:2      | Reached skill level 1 in Armour
   597 | D:2      | Reached skill level 1 in Shields
   597 | D:2      | Reached skill level 1 in Unarmed Combat
   597 | D:2      | Reached skill level 1 in Spellcasting
   597 | D:2      | Reached skill level 1 in Invocations
   597 | D:2      | Reached skill level 1 in Evocations
   597 | D:2      | Reached XP level 4. HP: 41/41 MP: 5/5
   937 | D:1      | Found a faded altar of an unknown god.
   942 | D:1      | Prayed at the altar of an unknown god.
   942 | D:1      | Became a worshipper of Nemelex Xobeh the Trickster
   942 | D:1      | Reached * piety under Nemelex Xobeh
  1260 | D:1      | Received a gift from Nemelex Xobeh
  1533 | D:2      | Learned a level 1 spell: Animate Skeleton
  2058 | D:3      | Reached skill level 1 in Conjurations
  2058 | D:3      | Reached skill level 1 in Hexes
  2058 | D:3      | Reached skill level 1 in Summonings
  2058 | D:3      | Reached skill level 1 in Necromancy
  2058 | D:3      | Reached skill level 1 in Translocations
  2058 | D:3      | Reached skill level 1 in Transmutations
  2058 | D:3      | Reached skill level 1 in Fire Magic
  2058 | D:3      | Reached skill level 1 in Ice Magic
  2058 | D:3      | Reached skill level 1 in Air Magic
  2058 | D:3      | Reached skill level 1 in Earth Magic
  2058 | D:3      | Reached skill level 1 in Poison Magic
  2104 | D:3      | Noticed a necrophage
  2116 | D:3      | Killed a necrophage
  2117 | D:3      | Reached XP level 5. HP: 43/47 MP: 5/7
  2182 | D:3      | Identified the +0 robe of the Vaults {Str+3}
  2239 | D:3      | Noticed Jessica
  2240 | D:3      | Reached ** piety under Nemelex Xobeh
  2247 | D:3      | Killed Jessica
  2389 | D:3      | Noticed a water moccasin
  2476 | D:3      | Killed a water moccasin
  2477 | D:3      | Reached skill level 5 in Short Blades
  2477 | D:3      | Reached skill level 5 in Dodging
  2477 | D:3      | Reached XP level 6. HP: 25/53 MP: 7/9
  3463 | D:4      | Reached XP level 7. HP: 7/59 MP: 10/10
  3827 | D:4      | Found a staircase to the Ecumenical Temple.
  3851 | D:4      | Identified the +8 hand axe of the Briny Deep {pain, rN+}
  4141 | D:4      | Killed Ijyb
  4421 | D:5      | Reached skill level 10 in Stealth
  5127 | D:6      | Found Peesmud's Weapon Boutique.
  5159 | D:6      | Reached XP level 8. HP: 19/67 MP: 12/12
  5404 | D:6      | Reached *** piety under Nemelex Xobeh
  5502 | D:6      | Noticed Prince Ribbit
  5525 | D:5      | Killed Prince Ribbit
  5804 | D:6      | Noticed Pikel
  5815 | D:6      | Slain by a lemure

Illustrated notes

Levels and vault maps discovered:
D:1:      nagdon_arrival_double_spiral, layout_basic, basic_ecumenical_altar,
          minmay_liquid_box, hex_tiny, wad_floor_pattern_2
D:2:      layout_basic, minmay_pentomino_s4
D:3:      layout_loops_ring, kennysheep_another_room, kennysheep_jessica_study
D:4:      layout_cave_pools, minmay_temple_entry_tees, minmay_misc_feat_doors,
          grunt_decor_fettered
D:5:      layout_layer_cave, st_stairs_3, uniq_ijyb, uniq_duvessa
D:6:      layout_gridville, serial_shops, shop, uniq_prince_ribbit1, uniq_pikel

Skill      XL: |  1  2  3  4  5  6  7 |
---------------+----------------------+-----
Stealth        | 10 | 10.2
Long Blades    | 1 2 3 |  3.4
Axes           | 1 2 3 |  3.4
Maces & Flails | 1 2 3 |  3.4
Polearms       | 1 2 3 |  3.4
Staves         | 1 2 3 |  3.4
Slings         | 1 2 3 |  3.4
Bows           | 1 2 3 |  3.4
Crossbows      | 1 2 3 |  3.4
Throwing       | 1 2 3 |  3.4
Armour         | 1 2 3 |  3.4
Shields        | 1 2 3 |  3.4
Unarmed Combat | 1 2 3 |  3.4
Spellcasting   | 1 2 3 |  3.4
Invocations    | 1 2 3 |  3.7
Evocations     | 1 2 3 |  3.4
Conjurations   | 1 2 |  2.8
Hexes          | 1 2 |  2.8
Summonings     | 1 2 |  2.8
Necromancy     | 1 2 |  2.8
Translocations | 1 2 |  2.8
Transmutations | 1 2 |  2.8
Fire Magic     | 1 2 |  2.8
Ice Magic      | 1 2 |  2.8
Air Magic      | 1 2 |  2.8
Earth Magic    | 1 2 |  2.8
Poison Magic   | 1 2 |  2.8
Short Blades   | 5 |  5.8
Dodging        | 5 |  5.8
Fighting       | 7 |  7.4

Action                   |  1- 3 |  4- 6 |  7- 9 || total
-------------------------+-------+-------+-------++-------
Melee: Short sword       |    32 |    56 |       ||    88
       Bite              |     2 |    21 |    15 ||    38
       Whip              |       |   104 |     8 ||   112
       Hand axe          |       |       |   109 ||   109
Throw: Boomerang         |     4 |       |    29 ||    33
 Cast: Animate Skeleton  |       |     2 |       ||     2
Invok: Draw Destruction  |       |     1 |       ||     1
       Draw Summoning    |       |     1 |       ||     1
       Draw Escape       |       |       |     1 ||     1
Evoke: Wand              |       |       |     1 ||     1
  Use: Scroll            |     1 |       |       ||     1
       Potion            |       |     4 |     1 ||     5
 Stab: Sleeping          |     5 |    17 |     2 ||    24
Armor: Leather armour    |     1 |     6 |       ||     7
       Robe              |       |    13 |    19 ||    32
       Skin              |       |    27 |       ||    27
       Scale mail        |       |       |    35 ||    35
Dodge: Dodged            |    15 |    87 |    73 ||   175
Block: Buckler           |       |    28 |    64 ||    92

Table legend: (Time is in decaauts)
 A = Elapsed time spent in this place.
 B = Non-inter-level travel time spent in this place.
 C = Inter-level travel time spent in this place.
 D = Time resting spent in this place.
 E = Time spent auto-exploring this place.
 F = Levels seen in this place.
 G = Mean time per level.
                   A        B        C        D        E       F      G
               +--------+--------+--------+--------+--------+-----+--------+
         Total |   5908 |   5619 |    289 |   1351 |   3083 |   6 |  984.7 |
       Dungeon |   5908 |   5619 |    289 |   1351 |   3083 |   6 |  984.7 |
               +--------+--------+--------+--------+--------+-----+--------+

Top non-repeatable levels by time:
     D:3: 1546 daAuts
     D:5: 1137 daAuts
     D:4: 1011 daAuts
     D:1: 964 daAuts
     D:2: 723 daAuts
     D:6: 524 daAuts
